 Dungeon Crawl Stone Soup version 0.30-b1-2-g02819fbbbe (webtiles) character file.

Game seed: 6781957361888052119

207 MrMobius the Gusty (level 5, -1/38 HPs)
             Began as a Draconian Air Elementalist on Sept 15, 2023.
             Slain by Grinder (6 damage)
             ... on level 4 of the Dungeon on Sept 16, 2023.
             The game lasted 00:14:28 (3719 turns).

MrMobius the Gusty (Draconian Air Elementalist)     Turns: 3719, Time: 00:14:29

Health: -1/38      AC:  5    Str: 10    XL:     5   Next: 54%
Magic:  8/9        EV: 12    Int: 17    God:
Gold:   148        SH:  0    Dex: 12    Spells: 4/10 levels left

rFire   . . .        l - +2 dagger (drain)
rCold   + . .        (no shield)
rNeg    . . .        (body armour unavailable)
rPois   .            (helmet restricted)
rElec   .            a - scarf {repulsion}
rCorr   .            (no gloves)
SInv    .            (no boots)
Will    .....        (no amulet)
Stlth   ++           f - ring of protection from cold
HPRegen 0.26/turn    (no ring)
MPRegen 0.11/turn

%: repel missiles
@: no status effects
A: AC +5, unfitting armour, cold-blooded
a: no special abilities


You were on level 4 of the Dungeon.
You visited 1 branch of the dungeon, and saw 4 of its levels.

You collected 148 gold pieces.

Inventory:

Hand Weapons
 l - a +2 dagger of draining (weapon)
Missiles
 c - 4 curare-tipped darts
Armour
 a - a scarf of repulsion (worn)
Jewellery
 f - a ring of protection from cold (left hand)
Scrolls
 b - a scroll of teleportation
Potions
 g - a potion of flight {unknown}
 h - a potion of haste {unknown}
 i - a potion of mutation {unknown}
 j - 3 potions of invisibility


   Skills:
 - Level 1.7 Dodging
 - Level 1.7 Stealth
 + Level 3.1 Spellcasting
 + Level 2.7 Conjurations
 * Level 5.0 Air Magic


You had 4 spell levels left.
You knew the following spells:

 Your Spells              Type           Power      Damage    Failure   Level
a - Shock                 Conj/Air       60%        1d6       3%          1
b - Static Discharge      Conj/Air       30%        2-4/arc   5%          2
c - Swiftness             Air            19%        N/A       7%          3

Your spell library contained the following spells:

 Spells                   Type           Power      Damage    Failure   Level
 Airstrike                Air            9%         2d(2-18)  22%         4
 Stone Arrow              Conj/Erth      14%        3d7       28%         3
 Lehudib's Crystal Spear  Conj/Erth      3%         10d3      100%        8
 Animate Armour           Summ/Erth      Unusable   N/A       N/A         4

Dungeon Overview and Level Annotations

Branches:
Dungeon (4/15)
 Temple: D:4-7

Altars:
Dithmenos

Annotations:
D:3 3 exclusions, Sigmund
D:4 Grinder


Innate Abilities, Weirdness & Mutations

Your plain brown scales are hard. (AC +5)
You cannot fit into any form of body armour.
You are cold-blooded and may be slowed by cold attacks.


Message History

You climb downwards.
Level annotation: Grinder
There is a stone staircase leading up here.
The zap hits Grinder.
Grinder is heavily wounded.
The zap hits Grinder.
Grinder is severely wounded.
You hit Grinder.
Grinder is severely wounded.
Grinder gestures at you. Pain shoots through your body!
You hit Grinder.
Grinder is almost dead.
Grinder hits you.
You writhe in agony.
You are too injured to fight recklessly!
You hit Grinder.
Grinder is almost dead.
Grinder gestures at you. You resist with significant effort.
You hit Grinder.
Grinder is almost dead.
Grinder misses you.
You closely miss Grinder.
Grinder is almost dead.
Grinder gestures at you. Pain shoots through your body!
* * * LOW HITPOINT WARNING * * *
You hit Grinder but do no damage.
Grinder is almost dead.
Grinder hits you.
* * * LOW HITPOINT WARNING * * *
You writhe in agony.
* * * LOW HITPOINT WARNING * * *
You hit Grinder but do no damage.
Grinder is almost dead.
Grinder closely misses you.
You hit Grinder but do no damage.
Your tail-slap misses Grinder.
Grinder is almost dead.
Grinder hits you.
You die...

#.....# .+
#.#.#.# #.
#.....# #.
#..5..# ##.#
##.ยง###
##...## #.##
#.....# #.#
#....######.#
#..@5......#
#......########
########


You could see Grinder.

Vanquished Creatures
  A jelly (D:4)
  Jessica (D:2)
  An iguana (D:3)
  Robin (D:2)
  3 adders
  4 worms
  An orc (D:3)
  7 endoplasms
  4 giant cockroaches
  13 goblins
  10 hobgoblins
  2 kobolds (D:1)
  A quokka (D:2)
  5 ball pythons
  9 bats
  4 frilled lizards
  8 rats
75 creatures vanquished.

Vanquished Creatures (others)
  A plant (D:1)
1 creature vanquished.

Grand Total: 76 creatures vanquished

Notes
Turn   | Place    | Note
-------+----------+-------------------------------------------
     0 | D:1      | MrMobius the Draconian Air Elementalist began the quest for
                  | the Orb.
     0 | D:1      | Reached XP level 1. HP: 14/14 MP: 3/3
    53 | D:1      | You fall into a shaft and drop 1 floor!
   161 | D:2      | Reached XP level 2. HP: 20/20 MP: 0/5
   164 | D:2      | Noticed Jessica
   171 | D:2      | Killed Jessica
   172 | D:2      | Reached XP level 3. HP: 26/26 MP: 1/6
  1279 | D:2      | Reached skill level 4 in Air Magic
  1322 | D:2      | Reached XP level 4. HP: 8/33 MP: 7/7
  1787 | D:2      | Noticed Robin
  1791 | D:2      | Killed Robin
  2243 | D:3      | Learned a level 2 spell: Static Discharge
  2247 | D:3      | Learned a level 3 spell: Swiftness
  2447 | D:3      | Noticed Sigmund
  2644 | D:3      | Reached XP level 5. HP: 38/38 MP: 5/9
  2948 | D:3      | Found a shadowy altar of Dithmenos.
  3514 | D:4      | Reached skill level 5 in Air Magic
  3560 | D:4      | Noticed Grinder
  3569 | D:4      | Paralysed by Grinder for 4 turns
  3575 | D:4      | Paralysed by Grinder for 3 turns
  3580 | D:4      | Paralysed by Grinder for 4 turns
  3586 | D:4      | Paralysed by Grinder for 2 turns
  3719 | D:4      | Slain by Grinder

Illustrated notes

Levels and vault maps discovered:
D:1:      eino_arrival_druids_welcome, layout_basic, corexii_leaking_fountain
D:2:      layout_rooms, uniq_robin, uniq_jessica
D:3:      layout_basic, mainiacjoe_overflow_alcove_1, uniq_sigmund
D:4:      layout_loops_corners, serial_co_window_serial, co_window_corner_a,
          co_window_paths_a, co_window_paths_a, co_window_paths_b,
          co_window_of_opportunity_a, co_window_2corner,
          co_window_of_opportunity_c, co_window_broadway_a,
          co_window_broadway_b, glass_columns_b, glass_columns_a,
          glass_columns_a, glass_columns_b, uniq_grinder

Skill      XL: |  1  2  3  4  5 |
---------------+----------------+-----
Air Magic      | 4 5 |  5.0
Conjurations   | 2 |  2.7
Spellcasting   | 3 |  3.1
Dodging        | |  1.7
Stealth        | |  1.7

Action                     |  1- 3 |  4- 6 || total
---------------------------+-------+-------++-------
  Melee: Unarmed           |     2 |       ||     2
         Tailslap          |     3 |       ||     3
         Whip              |    20 |     4 ||    24
         Dagger            |       |    15 ||    15
  Throw: Dart              |     4 |     5 ||     9
   Cast: Shock             |    58 |    79 ||   137
    Use: Scroll            |     2 |     7 ||     9
         Potion            |     2 |       ||     2
 Armour: Skin              |    10 |     6 ||    16
  Dodge: Dodged            |    18 |    10 ||    28
